 Dungeon Sprint DCSS version 0.23-a0-180-ga5275e7 (webtiles) character file.

6000000 Fang the Champion of Chaos (level 27, -25/249 HPs)
             Began as a Gnoll Gladiator on Sept 17, 2018.
             Was the Champion of Makhleb.
             Annihilated by a destroyer
             ... wielding a +9 great sword of slicing
              (59 damage)
             ... in the Dungeon (Sprint VIII: "Arena of Blood") on Sept 18, 2018.
             The game lasted 00:04:29 (60 turns).

Fang the Champion of Chaos (Gnoll Gladiator)          Turns: 60, Time: 00:04:29

Health: -25/249    AC:  8    Str: 28    XL:     27
Magic:  14/54      EV: 32    Int: 13    God:    Makhleb [******]
Gold:   0          SH:  0    Dex: 16    Spells: 80/80 levels left

rFire    . . .     SeeInvis .   l - +∞ Axe of Woe
rCold    . . .     Gourm    .   (shield currently unavailable)
rNeg     . . .     Faith    .   b - +0 leather armour
rPois    .         Spirit   .   c - +0 helmet
rElec    .         Reflect  .   (no cloak)
rCorr    .         Harm     .   (no gloves)
MR       ++...     NoTele   +   (no boots)
Stlth    +++++++++.             (no amulet)
HPRegen  0.51/turn              (no ring)
MPRegen  0.34/turn              (no ring)

@: no status effects
A: distributed training, fangs 1, strong nose
a: Minor Destruction, Lesser Servant of Makhleb, Major Destruction, Greater
Servant of Makhleb, Renounce Religion


You were in the Dungeon.
You worshipped Makhleb.
Makhleb was exalted by your worship.
You were not hungry.

You visited 1 branch

Inventory:

Hand Weapons
 l - the +∞ Axe of Woe (weapon)
   (You found it in the Dungeon)
Missiles
 d - 3 throwing nets (quivered)
Armour
 b - a +0 leather armour (worn)
 c - a +0 helmet (worn)
Scrolls
 k - a scroll of blinking
Potions
 e - a potion of curing
 g - a potion of heal wounds
 h - a potion of haste
 i - 2 potions of magic
 j - a potion of berserk rage
Comestibles
 f - a ration


   Skills:
 O Level 27 Fighting
 O Level 27 Short Blades
 O Level 27 Long Blades
 O Level 27 Axes
 O Level 27 Maces & Flails
 O Level 27 Polearms
 O Level 27 Staves
 O Level 27 Slings
 O Level 27 Bows
 O Level 27 Crossbows
 O Level 27 Throwing
 O Level 27 Armour
 O Level 27 Dodging
 O Level 27 Stealth
 O Level 27 Shields
 O Level 27 Unarmed Combat
 O Level 27 Spellcasting
 O Level 27 Conjurations
 O Level 27 Hexes
 O Level 27 Charms
 O Level 27 Summonings
 O Level 27 Necromancy
 O Level 27 Translocations
 O Level 27 Transmutations
 O Level 27 Fire Magic
 O Level 27 Ice Magic
 O Level 27 Air Magic
 O Level 27 Earth Magic
 O Level 27 Poison Magic
 O Level 27 Invocations
 O Level 27 Evocations


You had 80 spell levels left.
You didn't know any spells.
Your spell library was empty.

Dungeon Overview and Level Annotations

Branches:
Dungeon (1/1)

Altars:
Makhleb


Innate Abilities, Weirdness & Mutations

Your experience applies equally to all skills.
You have very sharp teeth.
Your uncanny sense of smell can sniff out nearby items.


Message History

You destroy the small abomination!
Makhleb accepts your kill.
You feel better.
You slash the tyrant!
You hew the tyrant savagely.
You destroy the tyrant!
Makhleb accepts your kill.
The large abomination disappears in a puff of smoke!
You are engulfed in blazing flames.
You hear a shout!
The meat berserker rages.
The destroyer blinks!
You hear a shout! x4
You hear a shout! x4
The accursed gestures at you while chanting.
Something smites you!
The destroyer blinks!
You hear a shout!
The destroyer is engulfed in blazing flames.
The destroyer hits you with a +9 great sword of slicing!!!!!
Ouch! That really hurt!
* * * LOW HITPOINT WARNING * * *
You die...

.....X....#.#..
...............
#....L.....M...
∆#o...XX.......
∆..XX.........
...§§§..... .
#V§V§%..# #..
#@O)§...#
....###§).....###.
.o§..§§§x###LOXLD.
.#.%.§§§§.§....%.
.%.....#).§§.#..
.....%o#_)<._#
.......#)..%.#
.#......))_......
.........###......


You could see an accursed, 2 tentacled monstrosities, 2 tyrants, 2 destroyers, 4
large abominations, 2 meat berserkers, a small abomination and a bag of meat.

Vanquished Creatures
  2 liches (D)
  31 orcs (D)
  2 skeletal warriors (D)
  5 large abominations (D)
  4 small abominations (D)
  4 crawling corpses (D)
  4 vampire knights (D)
  18 ogres (D)
  5 two-headed ogres (D)
75 creatures vanquished.

Notes
Turn   | Place    | Note
-------+----------+-------------------------------------------
     0 | D        | Found the +∞ Axe of Woe
     0 | D        | Fang the Gnoll Gladiator began the quest for the Orb.
     0 | D        | Reached XP level 1. HP: 20/20 MP: 1/1
     2 | D        | Noticed a bag of meat
     2 | D        | Noticed a meat berserker
     3 | D        | Noticed a bag of meat
     5 | D        | Became a worshipper of Makhleb the Destroyer
     6 | D        | Noticed a bag of meat
     7 | D        | Noticed a bag of meat
     7 | D        | Noticed a meat berserker
     7 | D        | Noticed a meat berserker
     8 | D        | Killed a meat berserker
     8 | D        | Reached skill level 10 in Conjurations
     8 | D        | Reached skill level 10 in Hexes
     8 | D        | Reached skill level 10 in Charms
     8 | D        | Reached skill level 10 in Summonings
     8 | D        | Reached skill level 10 in Necromancy
     8 | D        | Reached skill level 10 in Translocations
     8 | D        | Reached skill level 10 in Transmutations
     8 | D        | Reached skill level 10 in Fire Magic
     8 | D        | Reached skill level 10 in Ice Magic
     8 | D        | Reached skill level 10 in Air Magic
     8 | D        | Reached skill level 10 in Earth Magic
     8 | D        | Reached skill level 10 in Poison Magic
     8 | D        | Reached XP level 2. HP: 40/40 MP: 1/15
     8 | D        | Reached XP level 3. HP: 46/46 MP: 1/17
     8 | D        | Reached XP level 4. HP: 53/53 MP: 1/18
     8 | D        | Reached XP level 5. HP: 59/59 MP: 1/20
     8 | D        | Reached XP level 6. HP: 66/66 MP: 1/21
     8 | D        | Reached XP level 7. HP: 72/72 MP: 1/23
     8 | D        | Reached XP level 8. HP: 79/79 MP: 1/24
     8 | D        | Reached XP level 9. HP: 85/85 MP: 1/25
     8 | D        | Reached XP level 10. HP: 92/92 MP: 1/26
     8 | D        | Reached XP level 11. HP: 98/98 MP: 1/27
     8 | D        | Reached XP level 12. HP: 105/105 MP: 1/28
     8 | D        | Reached XP level 13. HP: 111/111 MP: 1/29
     9 | D        | Killed a meat berserker
     9 | D        | Reached * piety under Makhleb
     9 | D        | Reached skill level 15 in Fighting
     9 | D        | Reached skill level 15 in Axes
     9 | D        | Reached skill level 15 in Throwing
     9 | D        | Reached skill level 15 in Dodging
     9 | D        | Reached skill level 15 in Invocations
     9 | D        | Reached XP level 14. HP: 123/123 MP: 1/32
    10 | D        | Noticed a bag of meat
    10 | D        | Noticed a bag of meat
    11 | D        | Killed a meat berserker
    11 | D        | Reached XP level 15. HP: 132/132 MP: 1/35
    12 | D        | Noticed a meat berserker
    13 | D        | Reached XP level 16. HP: 141/141 MP: 2/36
    14 | D        | Reached ** piety under Makhleb
    14 | D        | Reached skill level 15 in Conjurations
    14 | D        | Reached skill level 15 in Hexes
    14 | D        | Reached skill level 15 in Charms
    14 | D        | Reached skill level 15 in Summonings
    14 | D        | Reached skill level 15 in Necromancy
    14 | D        | Reached skill level 15 in Translocations
    14 | D        | Reached skill level 15 in Transmutations
    14 | D        | Reached skill level 15 in Fire Magic
    14 | D        | Reached skill level 15 in Ice Magic
    14 | D        | Reached skill level 15 in Air Magic
    14 | D        | Reached skill level 15 in Earth Magic
    14 | D        | Reached skill level 15 in Poison Magic
    15 | D        | Killed a meat berserker
    15 | D        | Reached XP level 17. HP: 151/151 MP: 3/39
    17 | D        | Reached *** piety under Makhleb
    17 | D        | Reached XP level 18. HP: 164/164 MP: 3/42
    20 | D        | Noticed a meat berserker
    20 | D        | Noticed a meat berserker
    20 | D        | Noticed a large bag of meat
    21 | D        | Noticed a meat berserker
    21 | D        | Noticed a meat berserker
    21 | D        | Noticed a destroyer
    22 | D        | Killed a meat berserker
    22 | D        | Reached **** piety under Makhleb
    23 | D        | Noticed a meat berserker
    23 | D        | Noticed a large bag of meat
    23 | D        | Noticed a meat berserker
    24 | D        | Killed a meat berserker
    24 | D        | Reached XP level 19. HP: 176/176 MP: 5/45
    25 | D        | Killed a meat berserker
    25 | D        | Reached ***** piety under Makhleb
    25 | D        | Killed a large bag of meat
    25 | D        | Reached XP level 20. HP: 189/189 MP: 5/48
    25 | D        | Killed a meat berserker
    26 | D        | Killed a destroyer
    26 | D        | Reached skill level 27 in Invocations
    26 | D        | Reached XP level 21. HP: 200/200 MP: 6/50
    28 | D        | Reached skill level 27 in Axes
    28 | D        | Reached skill level 27 in Dodging
    29 | D        | Reached skill level 27 in Fighting
    29 | D        | Reached skill level 27 in Short Blades
    29 | D        | Reached skill level 27 in Long Blades
    29 | D        | Reached skill level 27 in Maces & Flails
    29 | D        | Reached skill level 27 in Polearms
    29 | D        | Reached skill level 27 in Staves
    29 | D        | Reached skill level 27 in Slings
    29 | D        | Reached skill level 27 in Bows
    29 | D        | Reached skill level 27 in Crossbows
    29 | D        | Reached skill level 27 in Throwing
    29 | D        | Reached skill level 27 in Armour
    29 | D        | Reached skill level 27 in Stealth
    29 | D        | Reached skill level 27 in Shields
    29 | D        | Reached skill level 27 in Unarmed Combat
    29 | D        | Reached skill level 27 in Spellcasting
    29 | D        | Reached skill level 27 in Evocations
    29 | D        | Reached XP level 22. HP: 190/212 MP: 6/53
    30 | D        | Killed a large bag of meat
    30 | D        | Reached ****** piety under Makhleb
    32 | D        | Reached skill level 27 in Conjurations
    32 | D        | Reached skill level 27 in Hexes
    32 | D        | Reached skill level 27 in Charms
    32 | D        | Reached skill level 27 in Summonings
    32 | D        | Reached skill level 27 in Necromancy
    32 | D        | Reached skill level 27 in Translocations
    32 | D        | Reached skill level 27 in Transmutations
    32 | D        | Reached skill level 27 in Fire Magic
    32 | D        | Reached skill level 27 in Ice Magic
    32 | D        | Reached skill level 27 in Air Magic
    32 | D        | Reached skill level 27 in Earth Magic
    32 | D        | Reached skill level 27 in Poison Magic
    32 | D        | Reached XP level 23. HP: 219/219 MP: 7/54
    35 | D        | Noticed a destroyer
    37 | D        | Reached XP level 24. HP: 227/227 MP: 8/54
    38 | D        | Upgraded the game from 0.23-a0-175-g97aacdb to
                  | 0.23-a0-180-ga5275e7
    39 | D        | Killed a destroyer
    40 | D        | Noticed a large bag of meat
    40 | D        | Noticed a destroyer
    41 | D        | Noticed a destroyer
    42 | D        | Reached XP level 25. HP: 234/234 MP: 9/54
    44 | D        | Noticed a tyrant
    44 | D        | Noticed a tyrant
    44 | D        | Noticed a large bag of meat
    45 | D        | Noticed a destroyer
    46 | D        | Killed a destroyer
    46 | D        | Reached XP level 26. HP: 59/242 MP: 10/54
    49 | D        | Noticed a large bag of meat
    50 | D        | Reached XP level 27. HP: 249/249 MP: 11/54
    50 | D        | Killed a large bag of meat
    50 | D        | Noticed a destroyer
    51 | D        | Killed a large bag of meat
    51 | D        | Noticed a tyrant
    53 | D        | Killed a tyrant
    53 | D        | Noticed an accursed
    55 | D        | Noticed a destroyer
    56 | D        | Killed a destroyer
    57 | D        | Noticed a tyrant
    57 | D        | Noticed a tyrant
    58 | D        | Killed a large bag of meat
    59 | D        | Killed a tyrant
    60 | D        | Annihilated by a destroyer

Vault maps used:
D:        meatsprint

Skill      XL: |  1  2  3  4  5  6  7  8  9 10 11 12 13 14 15 16 17 18 19 20 21 22 |
---------------+-------------------------------------------------------------------+-----
Fighting       | 13 15 16 17 18 20 22 24 25 27 | 27.0
Short Blades   | 12 14 16 18 20 22 24 25 27 | 27.0
Long Blades    | 12 14 16 18 20 22 24 25 27 | 27.0
Axes           | 13 15 17 19 20 22 24 26 27 | 27.0
Maces & Flails | 12 14 16 18 20 22 24 25 27 | 27.0
Polearms       | 12 14 16 18 20 22 24 25 27 | 27.0
Staves         | 12 14 16 18 20 22 24 25 27 | 27.0
Slings         | 12 14 16 18 20 22 24 25 27 | 27.0
Bows           | 12 14 16 18 20 22 24 25 27 | 27.0
Crossbows      | 12 14 16 18 20 22 24 25 27 | 27.0
Throwing       | 13 15 16 17 18 20 22 24 25 27 | 27.0
Armour         | 12 14 16 18 20 22 24 25 27 | 27.0
Dodging        | 13 15 17 19 20 22 24 26 27 | 27.0
Stealth        | 12 14 16 18 20 22 24 25 27 | 27.0
Shields        | 12 14 16 18 20 22 24 25 27 | 27.0
Unarmed Combat | 12 14 16 18 20 22 24 25 27 | 27.0
Spellcasting   | 12 14 16 18 20 22 24 25 27 | 27.0
Conjurations   | 10 12 13 14 16 17 19 21 22 23 27 | 27.0
Hexes          | 10 12 13 14 16 17 19 21 22 23 27 | 27.0
Charms         | 10 12 13 14 16 17 19 21 22 23 27 | 27.0
Summonings     | 10 12 13 14 16 17 19 21 22 23 27 | 27.0
Necromancy     | 10 12 13 14 16 17 19 21 22 23 27 | 27.0
Translocations | 10 12 13 14 16 17 19 21 22 23 27 | 27.0
Transmutations | 10 12 13 14 16 17 19 21 22 23 27 | 27.0
Fire Magic     | 10 12 13 14 16 17 19 21 22 23 27 | 27.0
Ice Magic      | 10 12 13 14 16 17 19 21 22 23 27 | 27.0
Air Magic      | 10 12 13 14 16 17 19 21 22 23 27 | 27.0
Earth Magic    | 10 12 13 14 16 17 19 21 22 23 27 | 27.0
Poison Magic   | 10 12 13 14 16 17 19 21 22 23 27 | 27.0
Invocations    | 13 15 17 18 19 21 23 25 27 | 27.0
Evocations     | 12 14 16 18 20 22 24 25 27 | 27.0

Action                   |  1- 3 |  4- 6 |  7- 9 | 10-12 | 13-15 | 16-18 | 19-21 | 22-24 | 25-27 || total
-------------------------+-------+-------+-------+-------+-------+-------+-------+-------+-------++-------
Melee: Executioner's axe |     1 |       |       |       |     3 |     6 |     5 |    12 |    14 ||    41
Dodge: Dodged            |       |       |       |       |       |     1 |     1 |       |     1 ||     3

Table legend:
 A = Non-vault XP
 B = Vault XP
 C = Vault XP percentage of total XP
 D = Non-vault monster count
 E = Vault monster count
 F = Vault count percentage of total count
                 A         B        C        D         E       F
            +---------+---------+-------+---------+---------+-------
      Total | 1072652 |  688471 |  39.1 |      40 |      31 |  43.7
            +---------+---------+-------+---------+---------+-------
          D | 1072652 |  688471 |  39.1 |      40 |      31 |  43.7
            +---------+---------+-------+---------+---------+-------
